 Dungeon Crawl Stone Soup version 0.31.0-12-g77e489cdc1 (webtiles) character file.

Game seed: 3391232968466972762

534 PaiMei the Grave Robber (level 7, -4/52 HPs)
             Began as a Demonspawn Necromancer on Feb 21, 2024.
             Slain by Prince Ribbit (12 damage)
             ... on level 4 of the Dungeon.
             The game lasted 00:09:06 (4508 turns).

PaiMei the Grave Robber (Demonspawn Necromancer)    Turns: 4508, Time: 00:09:07

Health: -4/52      AC:  5    Str:  8    XL:     7   Next: 4%
Magic:  0/12       EV: 13    Int: 18    God:
Gold:   209        SH:  0    Dex: 13    Spells: 9/13 levels left

rFire   . . .        p - +4 flail "Bufeffoe" {heavy, Fly rCorr}
rCold   . . .        (no shield)
rNeg    . . .        a - +0 robe
rPois   .            (helmet restricted)
rElec   .            (no cloak)
rCorr   +            (no gloves)
SInv    +            o - +2 pair of boots {Fly}
Will    .....        (no amulet)
Stlth   ++           e - ring of see invisible
HPRegen 0.28/turn    (no ring)
MPRegen 0.13/turn

%: no passive effects
@: flying, very slightly contaminated
A: antennae 2, powered by death 1
a: no special abilities


You were on level 4 of the Dungeon.
You visited 2 branches of the dungeon, and saw 6 of its levels.

You collected 209 gold pieces.

Inventory:

Hand Weapons
 c - a +0 dagger
 n - a +0 falchion
 p - the +4 flail "Bufeffoe" (weapon) {heavy, Fly rCorr}
   (You found it on level 3 of the Dungeon)

   Fly:       It grants you flight.
   rCorr:     It protects you from acid and corrosion.
Missiles
 r - a throwing net
Armour
 a - a +0 robe (worn)
 o - a +2 pair of boots of flying (worn)
Jewellery
 e - a ring of see invisible (left hand)
Scrolls
 g - a scroll of enchant armour {unknown}
 h - 2 scrolls of fear {unknown}
 i - 7 scrolls of identify {unknown}
 j - 2 scrolls of teleportation {unknown}
 q - a scroll of enchant weapon {unknown}
 t - a scroll of blinking {unknown}
 u - a scroll of fog {unknown}
Potions
 b - a potion of magic
 d - a potion of resistance {unknown}
 f - a potion of brilliance {unknown}
 k - 2 potions of curing {unknown}
 l - 2 potions of degeneration {unknown}
 m - a potion of heal wounds {unknown}
 s - a potion of attraction {unknown}


   Skills:
 + Level 3.3 Fighting
 + Level 3.7 Dodging
 - Level 2.0 Stealth
 + Level 3.8 Spellcasting
 + Level 6.0 Necromancy


You had 9 spell levels left.
You knew the following spells:

 Your Spells              Type           Power      Damage    Failure   Level
a - Necrotise             Necr           100%       1d9       1%          1
b - Vampiric Draining     Necr           25%        2d7       3%          3

Your spell library contained the following spells:

 Spells                   Type           Power      Damage    Failure   Level
 Sublimation of Blood     Necr           25%        N/A       1%          2
 Animate Dead             Necr           25%        N/A       13%         4
 Call Imp                 Summ           6%         N/A       22%         2
 Curse of Agony           Necr           25%        N/A       34%         5
 Gell's Gravitas          Tloc           3%         N/A       41%         3
 Teleport Other           Tloc           3%         N/A       41%         3
 Dispersal                Tloc           1%         N/A       100%        6
 Summon Hydra             Summ           1%         N/A       100%        7


Dungeon Overview and Level Annotations

Branches:
Dungeon (5/15)             Temple (1/1) D:4

Altars:
Dithmenos
Gozag
Hepliaklqana
Okawaru
Qazlal
Sif Muna
Uskayaw
Vehumet
Wu Jian
Xom
Yredelemnul

Annotations:
D:4 Prince Ribbit


Innate Abilities, Weirdness & Mutations

You have a pair of antennae on your head.
You regenerate a little health from kills.


Message History

Press: ? - help, Shift-Dir - straight line, f/p - Prince Ribbit
Aim: Prince Ribbit (moderately wounded)
You draw life force from Prince Ribbit!
You feel life coursing into your body. Prince Ribbit hits you.
The scorpion stings you but does no damage.
Prince Ribbit completely misses you.
Casting: Vampiric Draining (dangerous; 3% risk of failure)
Confirm with . or Enter, or press ? or * to list all spells.
You don't have enough magic to cast this spell.
Casting: Vampiric Draining (dangerous; 3% risk of failure)
Confirm with . or Enter, or press ? or * to list all spells.
You don't have enough magic to cast this spell.
Casting: Vampiric Draining (dangerous; 3% risk of failure)
Confirm with . or Enter, or press ? or * to list all spells.
You don't have enough magic to cast this spell.
Casting: Vampiric Draining (dangerous; 3% risk of failure)
Confirm with . or Enter, or press ? or * to list all spells.
You don't have enough magic to cast this spell.
Casting: Vampiric Draining (dangerous; 3% risk of failure)
Confirm with . or Enter, or press ? or * to list all spells.
You don't have enough magic to cast this spell.
You hit the scorpion.
The scorpion is moderately wounded.
Prince Ribbit hits you! The scorpion barely misses you. Prince Ribbit hits you!
The scorpion closely misses you. The scorpion misses you.
Prince Ribbit hits you but does no damage.
Prince Ribbit hits you!
* * * LOW HITPOINT WARNING * * *
The scorpion closely misses you.
You fly upwards.
There is a stone staircase leading down here.
Casting: Vampiric Draining (dangerous; 3% risk of failure)
Confirm with . or Enter, or press ? or * to list all spells.
Aiming: Necrotise (safe; 1% risk of failure)
Press: ? - help, Shift-Dir - straight line, f - scorpion
Aim: a scorpion (moderately wounded, chance to affect: 83%)
You miscast Necrotise.
You are very lightly contaminated with residual magic.
Nothing appears to happen.
Prince Ribbit hits you!
You die...

#.........# #.#.#.#.#.# #######
####.........########
#.....#######....#.#.#.#.#......#
#.....#.....#...................#
#.....#.....#....#.#.#.#........#
#.....#.....#...................#
#.....#.....#....#.#.#.#^#......#
#.....#.....#...@........#......#
#.....#...###...Fs.....###......#
#.....#...####'######.....######.
#.....'...#.........#.....#....#.
#.....#...#.........#.....#....#.
#.....#...#.........#.....+....'.
#.....#...##...######.....#..###.
#.....#...##.................####
'.....#...........≈≈≈≈≈..........


You could see Prince Ribbit and a scorpion.

Vanquished Creatures
  2 scorpions
  A bombardier beetle (D:4)
  A sleepcap (D:4)
  Jessica (D:3)
  Natasha (thrice) (D:3)
  An iguana (D:5)
  Terence (D:2)
  An orc wizard (D:4)
  3 gnolls
  6 adders
  5 dart slugs
  10 orcs
  10 ball pythons
  5 bats
  3 endoplasms
  2 giant cockroaches (D:1)
  10 hobgoblins
  3 jackals (D:4)
  4 kobolds
  2 quokkas
  6 frilled lizards
  4 goblins
  4 rats
88 creatures vanquished.

Vanquished Creatures (collateral kills)
  A ribbon worm (D:3)
  An orc (D:5)
  A rat (D:1)
3 creatures vanquished.

Grand Total: 91 creatures vanquished

Notes
Turn   | Place    | Note
-------+----------+-------------------------------------------
     0 | D:1      | PaiMei the Demonspawn Necromancer began the quest for the
                  | Orb.
     0 | D:1      | Reached XP level 1. HP: 13/13 MP: 3/3
   174 | D:1      | Gained mutation: You regenerate a little health from kills.
                  | [demonic ancestry]
   174 | D:1      | Reached XP level 2. HP: 14/19 MP: 0/5
   705 | D:1      | Reached XP level 3. HP: 25/25 MP: 0/6
  1142 | D:2      | Reached skill level 1 in Fighting
  1277 | D:2      | Found a shimmering altar of Xom.
  1679 | D:2      | Noticed Terence
  1888 | D:2      | Killed Terence
  1889 | D:2      | Gained mutation: You have a pair of small antennae on your
                  | head. [demonic ancestry]
  1889 | D:2      | Reached XP level 4. HP: 32/32 MP: 1/8
  2053 | D:3      | Reached skill level 5 in Necromancy
  2056 | D:3      | Identified the +4 flail "Bufeffoe" {heavy, Fly rCorr}
  2213 | D:3      | Noticed Natasha
  2213 | D:3      | Noticed a scorpion
  2232 | D:2      | Killed a scorpion
  2233 | D:2      | Reached XP level 5. HP: 33/38 MP: 2/9
  2254 | D:2      | Learned a level 3 spell: Vampiric Draining
  2259 | D:3      | Killed Natasha
  2340 | D:3      | Noticed Natasha
  2348 | D:3      | Killed Natasha
  2559 | D:3      | Noticed Natasha
  2567 | D:3      | Killed Natasha
  2682 | D:3      | Noticed Jessica
  2685 | D:3      | Killed Jessica
  2686 | D:3      | Gained mutation: You have a pair of antennae on your head.
                  | [demonic ancestry]
  2686 | D:3      | Reached XP level 6. HP: 41/46 MP: 7/11
  2767 | D:3      | Found a hide-covered altar of Uskayaw.
  2768 | D:3      | Found a shimmering blue altar of Sif Muna.
  3894 | D:4      | Found a staircase to the Ecumenical Temple.
  4308 | Temple   | Entered the Ecumenical Temple
  4355 | D:5      | Entered Level 5 of the Dungeon
  4366 | D:5      | Noticed Prince Ribbit
  4382 | D:4      | Reached skill level 6 in Necromancy
  4382 | D:4      | Reached XP level 7. HP: 21/52 MP: 0/12
  4508 | D:4      | Slain by Prince Ribbit

Illustrated notes

Levels and vault maps discovered:
D:1:      minmay_arrival_radiant_lines, layout_basic,
          chequers_serial_rivers_micro_b, minmay_misc_feat_four_crosses,
          minmay_vboxes
D:2:      layout_basic, basic_altar, uniq_terence
D:3:      layout_basic, nicolae_overflow_two_pavilions, minmay_distorted,
          uniq_jessica, uniq_natasha
D:4:      wander_river, layout_gridville, temple_pool_b, st_stairs_2,
          hangedman_abyss_or_decor_passed, item_on_display_a
D:5:      layout_rooms, st_stairs_7, uniq_menkaure, uniq_crazy_yiuf_cottage,
          uniq_prince_ribbit1
Temple:   hellmonk_temple_forest_ring

Skill      XL: |  1  2  3  4  5  6 |
---------------+-------------------+-----
Dodging        | 2 3 |  3.7
Stealth        | 2 |  2.0
Fighting       | 1 2 3 |  3.3
Necromancy     | 5 6 |  6.0
Spellcasting   | 3 |  3.8

Action                     |  1- 3 |  4- 6 |  7- 9 || total
---------------------------+-------+-------+-------++-------
  Melee: Dagger            |     5 |       |       ||     5
         Flail             |       |     8 |     1 ||     9
   Cast: Necrotise         |    70 |   125 |       ||   195
         Vampiric Draining |       |     4 |     4 ||     8
 Armour: Robe              |     8 |    36 |     9 ||    53
  Dodge: Dodged            |    16 |    46 |     9 ||    71
